 Dungeon Crawl Stone Soup version 0.20.1-1-g8b1a95d (webtiles) character file.

840 Gremour the Carver (level 7, -8/53 HPs)
             Began as a Demonspawn Monk on Oct 12, 2017.
             Was a Believer of Trog.
             Mangled by an orc warrior
             ... wielding a +0 glaive
              (17 damage)
             ... on level 5 of the Dungeon.
             The game lasted 00:24:35 (4796 turns).

Gremour the Carver (Demonspawn Monk)                Turns: 4796, Time: 00:24:36

Health: -8/53      AC: 12    Str: 12    XL:     7   Next: 67%
Magic:  7/7        EV:  6    Int: 11    God:    Trog [**....]
Gold:   214        SH:  0    Dex: 17    Spells: 6/6 levels left

rFire    . . .     SeeInvis .   s - -2 whip (curse)
rCold    . . .     Gourm    .   (no shield)
rNeg     + . .     Faith    .   e - +0 chain mail (curse)
rPois    .         Spirit   .   (no helmet)
rElec    .         Reflect  .   p - +1 cloak
rCorr    +         Harm     .   (no gloves)
MR       .....                  j - +0 pair of boots
Stlth    ..........             b - amulet of inaccuracy (curse)
Regen    0.2/turn               i - ring of resist corrosion
MPRegen  0.1/turn               t - ring of positive energy

@: no status effects
A: hooves 2, rugged brown scales 1, spiny 1
a: Berserk, Trog's Hand, Burn Spellbooks, Renounce Religion


You were on level 5 of the Dungeon.
You worshipped Trog.
Trog was pleased with you.
You were not hungry.

You visited 2 branches of the dungeon, and saw 7 of its levels.

You collected 214 gold pieces.

Inventory:

Hand Weapons
 a - a +1 falchion
 s - a cursed -2 whip (weapon)
Armour
 d - a +0 leather armour
 e - a cursed +0 chain mail (worn)
 f - a +0 ring mail
 j - a +0 pair of boots (worn)
 p - a +1 cloak (worn)
 u - a cursed -1 leather armour
 v - a +2 robe of cold resistance
Jewellery
 b - a cursed amulet of inaccuracy (around neck)
 i - a ring of resist corrosion (left hand)
 m - an uncursed ring of magical power
 q - an uncursed ring of stealth
 t - a ring of positive energy (right hand)
Scrolls
 g - a scroll of teleportation
 k - a scroll of magic mapping
 n - 5 scrolls of identify
Potions
 l - 4 potions of flight
 o - a potion of lignification
Comestibles
 c - 6 bread rations
 h - a royal jelly


   Skills:
 - Level 3.0 Fighting
 * Level 8.3 Long Blades
 + Level 1.2 Maces & Flails
 - Level 2.6 Dodging
 - Level 1.7 Stealth


You had 6 spell levels left.
You didn't know any spells.

Dungeon Overview and Level Annotations

Branches:
Dungeon (6/15)             Temple (1/1) D:5

Altars:
Ashenzari
Cheibriados
Dithmenos
Elyvilon
Fedhas
Gozag
Hepliaklqana
Makhleb
Nemelex Xobeh
Qazlal
Ru
Sif Muna
Trog
Uskayaw
Vehumet
Yredelemnul
Zin

Annotations:
D:4 Grinder
D:5 Edmund


Innate Abilities, Weirdness & Mutations

You have hoof-like feet.
You are partially covered in rugged brown scales. (AC +1, +3% HP)
You are partially covered in sharp spines.


Message History

The orc warrior hits you from afar with a glaive!
* * * LOW HITPOINT WARNING * * *
You see here a stone.
Unknown command.
The orc wizard casts a spell.
The orc wizard blinks!
The hound skeleton is struck by your spines.
You destroy the hound skeleton!
Trog accepts your kill.
The orc wizard casts a spell.
The orc wizard blinks!
A leopard gecko skeleton comes into view.
Your chain mail prevents you from hitting the orc wizard.
The orc wizard is almost dead.
The orc wizard is struck by your spines.
You kill the orc wizard!
Trog accepts your kill.
Trog appreciates your killing of a magic user.
The orc warrior hits you from afar with a glaive!
You die...

#...........#
#.#### #.#
#...........#
#.########.#
######......#
#..........#
##......#
##.........#
#.......#
#.........#
#.####.##
#.........# #.# #.#
####'######.# #.#
#.## #)...# #.#
#.####.@###.Z....#
#.#
#...oo)..........#
#.#
#..######.###.....#
#.# #..#
##.##...#.####.#
#..# #.#...#.......
#.(# .#.####..##.#
#.o# #.# #..##.#
#.ยง# ####.##@#
#.o# #.....#.#


You could see an orc warrior and an orc.

Vanquished Creatures
  The ghost of Frank the Shield-Bearer, an amateur OpFi (D:3)
  An ogre (D:5)
  A centaur (D:5)
  A scorpion (D:4)
  A howler monkey (D:5)
  A crimson imp (D:5)
  2 bullfrog zombies (D:5)
  A hound (D:5)
  3 orc wizards
  2 orc priests
  Jessica (D:2)
  A hound skeleton (D:5)
  4 gnolls (D:3)
  5 adders
  An ooze (D:5)
  A worm (D:3)
  A dart slug (D:3)
  A leopard gecko (D:3)
  5 orcs
  3 giant cockroaches
  8 goblins
  6 hobgoblins
  5 jackals
  5 kobolds
  2 quokkas
  2 ball pythons
  2 bats
  4 frilled lizards
  A quokka skeleton (D:5)
  5 rats
77 creatures vanquished.

Notes
Turn   | Place    | Note
-------+----------+-------------------------------------------
     0 | D:1      | Gremour the Demonspawn Monk began the quest for the Orb.
     0 | D:1      | Reached XP level 1. HP: 18/18 MP: 1/1
   454 | D:1      | Reached skill level 3 in Long Blades
   674 | D:1      | Gained mutation: You are partially covered in sharp spines. [demonic ancestry]
   674 | D:1      | Reached XP level 2. HP: 24/24 MP: 2/2
  1129 | D:2      | Reached XP level 3. HP: 29/29 MP: 3/3
  1174 | D:2      | Reached skill level 4 in Long Blades
  1562 | D:2      | Found a white marble altar of Elyvilon.
  1593 | D:2      | Found a sacrificial altar of Ru.
  1666 | D:2      | Found a deep blue altar of Sif Muna.
  1667 | D:2      | Found a snail-covered altar of Cheibriados.
  1762 | D:2      | Noticed Jessica
  1766 | D:2      | Killed Jessica
  1766 | D:2      | Gained mutation: You have large cloven feet. [demonic ancestry]
  1766 | D:2      | Reached XP level 4. HP: 31/35 MP: 4/4
  1860 | D:3      | Found a basalt altar of Yredelemnul.
  1905 | D:3      | Reached skill level 5 in Long Blades
  1943 | D:4      | Noticed Grinder
  2327 | D:3      | Reached XP level 5. HP: 28/41 MP: 5/5
  2487 | D:3      | Noticed Frank's ghost (amateur OpFi)
  2513 | D:3      | Killed Frank's ghost
  2513 | D:3      | Reached skill level 6 in Long Blades
  2513 | D:3      | Gained mutation: You have hoof-like feet. [demonic ancestry]
  2513 | D:3      | Reached XP level 6. HP: 16/47 MP: 6/6
  3904 | D:5      | Entered Level 5 of the Dungeon
  3914 | D:5      | Reached skill level 7 in Long Blades
  3935 | D:5      | Gained mutation: You are partially covered in rugged brown scales. (AC +1, +3% HP) [demonic ancestry]
  3935 | D:5      | Reached XP level 7. HP: 36/53 MP: 7/7
  4165 | D:5      | Noticed Edmund
  4341 | D:5      | Reached skill level 8 in Long Blades
  4373 | D:5      | Found a staircase to the Ecumenical Temple.
  4379 | Temple   | Entered the Ecumenical Temple
  4437 | Temple   | Became a worshipper of Trog the Wrathful
  4437 | Temple   | Reached * piety under Trog
  4437 | Temple   | Reached ** piety under Trog
  4484 | D:5      | Reached skill level 1 in Maces & Flails
  4796 | D:5      | Mangled by an orc warrior

Skill      XL: |  1  2  3  4  5  6  7 |
---------------+----------------------+-----
Long Blades    | 3 4 5 6 7 8 |  8.3
Maces & Flails | 1 |  1.2
Fighting       | |  3.0
Dodging        | |  2.6
Stealth        | |  1.7

Action                   |  1- 3 |  4- 6 |  7- 9 || total
-------------------------+-------+-------+-------++-------
Melee: Falchion          |    74 |    95 |       ||   169
       Whip              |       |    56 |    83 ||   139
  Use: Scroll            |       |     8 |       ||     8
       Potion            |       |     5 |     1 ||     6
  Eat: Chunk             |     2 |     5 |       ||     7
       Fruit             |       |     1 |       ||     1
       Meat ration       |       |     1 |       ||     1
Armor: Chain mail        |    46 |    86 |    56 ||   188
       Skin              |       |       |     3 ||     3
Dodge: Dodged            |    22 |    37 |    18 ||    77
       Rpst.: Falchion   |     8 |     8 |       ||    16
